 Dungeon Crawl Stone Soup version 0.24.0-1-gfbc8707122 (webtiles) character file.

Game seed: 18006272030746952732, levelgen mode: deterministic

11 Froggeryz the Cutter (level 2, -5/19 HPs)
             Began as a Kobold Chaos Knight on Oct 26, 2019.
             Was a Plaything of Xom.
             Slain by a black mamba (shapeshifter) (11 damage)
             ... on level 1 of the Dungeon.
             The game lasted 00:00:40 (324 turns).

Froggeryz the Cutter (Kobold Chaos Knight)           Turns: 324, Time: 00:00:41

Health: -5/19      AC:  5    Str:  9    XL:     2   Next: 35%
Magic:  0/2        EV: 14    Int: 13    God:    Xom [....*.]
Gold:   9          SH:  0    Dex: 14    Spells: 1/1 levels left

rFire    . . .     SeeInvis .   a - +0 short sword (chaos)
rCold    . . .     Gourm    .   (shield restricted)
rNeg     . . .     Faith    .   b - +2 leather armour
rPois    .         Spirit   .   (no helmet)
rElec    .         Reflect  .   (no cloak)
rCorr    .         Harm     .   (no gloves)
MR       .....                  (no boots)
Stlth    +.........             (no amulet)
HPRegen  0.06/turn              (no ring)
MPRegen  0.08/turn              (no ring)

@: no status effects
A: small, carnivore
a: Renounce Religion


You were on level 1 of the Dungeon.
You worshipped Xom.
You were a beloved toy of Xom.
You were very full.

You visited 1 branch of the dungeon, and saw 1 of its levels.

You collected 9 gold pieces.

Inventory:

Hand Weapons
 a - a +0 short sword of chaos (weapon)
Armour
 b - a +2 leather armour (worn)
Scrolls
 d - 2 scrolls of blinking {unknown}
Potions
 e - a potion of cancellation {unknown}
Comestibles
 c - a ration
 f - a chunk of flesh


   Skills:
 + Level 3.5 Fighting
 * Level 4.6 Short Blades
 - Level 0.7 Armour
 - Level 2.4 Dodging


You had one spell level left.
You didn't know any spells.
Your spell library was empty.

Dungeon Overview and Level Annotations

Branches:
Dungeon (1/15)

Altars:


Innate Abilities, Weirdness & Mutations

You are small and have problems with some larger weapons.
You are carnivorous and can eat meat at any time.


Message History

The eye of draining is briefly tinged with black.
The eye of draining gazes at you.
You feel your power leaking away.
You hit the eye of draining.
The eye of draining seems to slow down.
The eye of draining is heavily wounded.
You hit the eye of draining but do no damage.
The eye of draining is heavily wounded.
The eye of draining is no longer moving slowly.
The eye of draining changes into a black mamba!
You miss the black mamba. The black mamba closely misses you.
The black mamba is engulfed in seething chaos.
The black mamba bites you!
Ouch! That really hurt!
You barely miss the black mamba.
The black mamba is engulfed in seething chaos.
The air around the black mamba crackles with energy!
The black mamba bites you!
Ouch! That really hurt!
You die...
Xom roars with laughter!

.## ####### ...
#######...## #### .#.
##...###...###...#
##....###...###....
######..#..##..S@.##..#.
#...#..##..#...#...#..##
#...#..###....###....###
#...#..###....###....###
#...#..####...###...####
#..†...################
###...##...........#
#..############..# #.
#...........>....# #.#


You could see a black mamba shaped shifter.

Vanquished Creatures
  A bat (D:1)
  3 giant cockroaches (D:1)
  3 jackals (D:1)
  A kobold (D:1)
  A rat (D:1)
9 creatures vanquished.

Notes
Turn   | Place    | Note
-------+----------+-------------------------------------------
     0 | D:1      | Froggeryz the Kobold Chaos Knight began the quest for the
                  | Orb.
     0 | D:1      | Reached XP level 1. HP: 14/14 MP: 1/1
    53 | D:1      | XOM: harmless Air miscast
    70 | D:1      | XOM: smoke on damage
    75 | D:1      | Reached XP level 2. HP: 14/19 MP: 2/2
   288 | D:1      | XOM: cloud trail
   315 | D:1      | Noticed a shapeshifter
   315 | D:1      | a rat changed into a shapeshifter
   316 | D:1      | Noticed an eye of draining
   316 | D:1      | a shapeshifter changed into an eye of draining
   321 | D:1      | Noticed a black mamba
   321 | D:1      | an eye of draining changed into a black mamba
   324 | D:1      | Slain by a black mamba (shapeshifter)

Levels and vault maps discovered:
D:1:      lemuel_arrival_rhombus, layout_basic, hangedman_glass_teeth,
          minivault_26, minivault_25, serial_park_tiny_1

Action                   || total
-------------------------++-------
Melee: Short sword       ||    33
  Eat: Chunk             ||     6
Armor: Leather armour    ||    11
Dodge: Dodged            ||    15
